 Dungeon Crawl Stone Soup version 0.24.1-4-ge52af88ad5 (webtiles) character file.

Game seed: 10603009762405295785, levelgen mode: deterministic

69079 Bodigarde the Carver (level 14, -1/108 HPs)
             Began as a Vampire Gladiator on Apr 15, 2020.
             Was the Champion of Cheibriados.
             Slain by a two-headed ogre
             ... wielding a +0 dire flail
              (9 damage)
             ... on level 2 of the Orcish Mines.
             The game lasted 02:01:06 (22252 turns).

Bodigarde the Carver (Vampire Gladiator)           Turns: 22252, Time: 02:01:07

Health: -1/108     AC: 23    Str: 32    XL:     14   Next: 89%
Magic:  3/20       EV: 17    Int: 27    God:    Cheibriados [******]
Gold:   992        SH: 14    Dex: 30    Spells: 11/13 levels left

rFire    + + .     SeeInvis +   a - +1 scimitar
rCold    . . .     Gourm    .   E - +0 shield
rNeg     . . .     Faith    .   O - +2 plate armour {rF+}
rPois    .         Spirit   .   c - +0 helmet
rElec    .         Reflect  .   U - scarf {cloud immunity}
rCorr    +         Harm     .   S - +2 pair of gloves of the Bard {rF+ Slay+2}
MR       ++...                  R - +1 pair of boots
Stlth    ..........             X - amulet of the acrobat
HPRegen  0.48/turn              Z - ring of resist corrosion
MPRegen  0.17/turn              o - ring of protection from magic

@: very slightly contaminated, regenerating quickly, invisible, very slow
A: no food, fangs 3, see invisible, unbreathing
a: Exsanguinate, Bend Time, Temporal Distortion, Slouch, Step From Time,
Renounce Religion


You were on level 2 of the Orcish Mines.
You worshipped Cheibriados.
Cheibriados was exalted by your worship.
You were alive.

You visited 3 branches of the dungeon, and saw 18 of its levels.

You collected 2181 gold pieces.
You spent 1189 gold pieces at shops.

Inventory:

Hand Weapons
 a - a +1 scimitar (weapon)
Missiles
 d - 2 throwing nets
 f - 487 stones
 i - 3 silver boomerangs
 j - 115 sling bullets
 t - 4 javelins (quivered)
 y - 16 boomerangs
 H - 74 poisoned darts
 K - 2 curare-tipped darts
Armour
 c - a +0 helmet (worn)
 E - a +0 shield (worn)
 O - a +2 plate armour of fire resistance (worn)
 R - a +1 pair of boots (worn)
 S - the +2 pair of gloves of the Bard (worn) {rF+ Slay+2}
   (You bought it in a shop on level 6 of the Dungeon)

   It affects your accuracy and damage with ranged weapons and melee attacks
   (+2).
   It protects you from fire.
 U - a scarf of cloud immunity (worn)
Jewellery
 o - a ring of protection from magic (right hand)
 X - an amulet of the acrobat (around neck)
 Z - a ring of resist corrosion (left hand)
Wands
 k - a wand of polymorph (26)
 A - a wand of iceblast (32)
 J - a wand of digging (9)
 N - a wand of paralysis (26)
 Q - a wand of disintegration (17)
Scrolls
 e - 2 scrolls of immolation
 g - 5 scrolls of teleportation
 l - 2 scrolls of silence
 p - 2 scrolls of magic mapping
 q - 4 scrolls of amnesia
 v - a scroll of summoning
 z - a scroll of fear
 B - 2 scrolls of fog
 C - 4 scrolls of enchant armour
 M - a scroll of acquirement {unknown}
 P - 4 scrolls of remove curse
 T - a scroll of torment {unknown}
 W - a scroll of vulnerability {unknown}
Potions
 m - 6 potions of resistance
 n - a potion of lignification
 s - 9 potions of curing
 u - 3 potions of mutation
 w - 5 potions of heal wounds
 x - 2 potions of cancellation
 D - 2 potions of flight
 F - 3 potions of magic
 G - 3 potions of ambrosia
 L - 3 potions of brilliance
 V - a potion of might
Miscellaneous
 Y - a phantom mirror


   Skills:
 + Level 9.6 Fighting
 - Level 14.0 Long Blades
 + Level 7.7 Throwing
 + Level 8.5 Armour
 + Level 11.4 Dodging
 + Level 7.9 Shields
 + Level 9.2 Invocations


You had 11 spell levels left.
You knew the following spells:

 Your Spells              Type           Power        Failure   Level  Hunger
a - Blink                 Tloc           N/A          97%         2    N/A

Your spell library contained the following spells:

 Spells                   Type           Power        Failure   Level  Hunger
 Corona                   Hex            #......      90%         1    N/A
 Magic Dart               Conj           #...         90%         1    N/A
 Summon Small Mammal      Summ           #...         90%         1    N/A
 Call Imp                 Summ           #.......     97%         2    N/A
 Ensorcelled Hibernation  Hex/Ice        #.....       97%         2    N/A
 Searing Ray              Conj           #.....       97%         2    N/A
 Slow                     Hex            #.......     97%         2    N/A
 Sticks to Snakes         Tmut           #.......     97%         2    N/A
 Call Canine Familiar     Summ           #.......     99%         3    N/A
 Confuse                  Hex            #.......     99%         3    N/A
 Conjure Flame            Conj/Fire      #.......     99%         3    N/A
 Dazzling Spray           Conj/Hex       #.....       99%         3    N/A
 Mephitic Cloud           Conj/Pois/Air  #.......     99%         3    N/A
 Ozocubu's Armour         Chrm/Ice       #.......     99%         3    N/A
 Summon Guardian Golem    Hex/Summ       #.......     99%         3    N/A
 Tukima's Dance           Hex            #.......     99%         3    N/A
 Force Lance              Conj/Tloc      #.......     100%        4    N/A
 Fulminant Prism          Conj/Hex       #.........   100%        4    N/A
 Iskenderun's Mystic Bla  Conj           #.......     100%        4    N/A
 Summon Ice Beast         Ice/Summ       #.......     100%        4    N/A
 Summon Lightning Spire   Summ/Air       #.......     100%        4    N/A
 Alistair's Intoxication  Tmut/Pois      #.......     100%        5    N/A

Dungeon Overview and Level Annotations

Branches:
Dungeon (10/15)            Temple (0/1) D:7            Lair (6/6) D:8
  Swamp (0/4) Lair:3        Snake (0/4) Lair:3        Slime (0/5) Lair:5
    Orc (2/2) D:10            Elf (0/3) Orc:2

Altars:
Ashenzari
Cheibriados
Dithmenos
Kikubaaqudgha
Makhleb
Qazlal
Trog
Wu Jian
Beogh
Jiyva

Shops:
D:4 !   D:6 [%[%=   D:8 [   Orc:2 ?:

Annotations:
Lair:5 exclusion: 2 oklob plants


Innate Abilities, Weirdness & Mutations

You do not eat.
Your natural rate of healing is unusually fast.
You have razor-sharp teeth.
You have supernaturally acute eyesight. (SInv)
You can survive without breathing.


Message History

The two-headed ogre is heavily wounded.
The orc warrior shouts!
You hear two shouts!
Unknown command.
The orc warrior shouts!
You slash the ogre!
You kill the ogre!
Cheibriados thoroughly appreciates the change of pace.
The orc warrior shouts!
The two-headed ogre hits you with a +0 dire flail!
* * * LOW HITPOINT WARNING * * *
You block the two-headed ogre's attack. x2; The two-headed ogre misses you.
The two-headed ogre shouts in stereo!
You hit the two-headed ogre. You bite the two-headed ogre.
You kill the two-headed ogre!
Cheibriados thoroughly appreciates the change of pace.
The two-headed ogre shouts in stereo!
The orc warrior shouts!
The two-headed ogre hits you with a +0 dire flail!
* * * LOW HITPOINT WARNING * * *
The two-headed ogre hits you with a +0 giant spiked club!
You die...

................# ...
.......O.Oo((.O.#....
........oo....O.....∩
.........OO...OO(...∩
.......OOOO.)O..#....
#..##.OOOo.)....# ...
##OO........# ..
##OOO.......#
#@O.........#
##OOO........#
####....#.......#
##.#.............#
#.............#..
##.............#
##.....#........##
#....###.........#
##.####.#.......##


You could see an orc knight, 8 two-headed ogres, 2 ogre magi, an orc warrior
(wandering), 10 ogres and 2 orcs.

Vanquished Creatures
  Kirke (Lair:6)
  An orc warlord (D:10)
  A fire dragon (Lair:6)
  An ice dragon (Lair:6)
  4 hydras
  6 two-headed ogres
  A catoblepas (Lair:5)
  10 death yaks
  2 ogre magi (Orc:2)
  An orc high priest (D:10)
  2 swamp dragons
  A lindwurm (Lair:6)
  3 orc knights
  Pikel (D:8)
  An orc sorcerer (D:10)
  An ugly thing (D:9)
  4 black mambas
  6 elephants
  5 torpor snails (Lair:6)
  Psyche (D:8)
  A gargoyle (D:10)
  10 spiny frogs
  5 komodo dragons
  5 rime drakes
  A queen bee (Lair:5)
  3 trolls
  4 tyrant leeches (Lair:6)
  2 meliai (Lair:5)
  Grinder (D:6)
  5 polar bears
  The ghost of mmigdal the Charmwright, an amateur DsSk (D:6)
  7 hornets (Lair:6)
  14 blink frogs
  16 dream sheep
  6 hippogriffs
  Sigmund (D:6)
  A spriggan (D:8)
  32 yaks
  7 basilisks
  7 wyverns
  2 hungry ghosts (D:10)
  A steam dragon (D:10)
  3 wargs
  Menkaure (D:4)
  An acid dragon (Lair:6)
  16 water moccasins
  6 porcupines
  17 orc warriors
  2 swamp drakes (Lair:6)
  A black bear (D:9)
  6 phantoms
  A slave (D:8)
  2 wolves (Lair:5)
  3 sky beasts
  The ghost of Alannah the Skirmisher, an amateur DsMo (D:5)
  11 necrophages
  16 ogres
  3 centaurs
  18 crocodiles
  A big kobold (D:7)
  12 bullfrogs
  6 scorpions
  A troll zombie (D:10)
  43 killer bees
  15 wights
  An electric eel (D:7)
  3 crimson imps
  5 howler monkeys
  4 hounds
  11 orc priests
  A centaur skeleton (D:6)
  3 jellies
  21 orc wizards
  A bullfrog skeleton (D:8)
  3 iguanas
  13 worker ants
  A killer bee zombie (D:7)
  5 ogre zombies (D:10)
  A hound skeleton (D:9)
  5 gnolls
  10 adders
  2 river rats (D:5)
  2 shadow imps
  An ooze (D:4)
  An adder zombie (D:6)
  3 worms
  4 dart slugs
  6 leopard geckos
  48 orcs
  7 bats
  9 giant cockroaches
  13 goblins
  8 hobgoblins
  10 jackals
  10 kobolds
  3 quokkas
  A ball python (D:2)
  7 frilled lizards
  5 goblin zombies (D:10)
  2 hobgoblin skeletons (D:10)
  3 hobgoblin zombies (D:10)
  A leopard gecko skeleton (D:6)
  A leopard gecko zombie (D:7)
  9 orc zombies (D:10)
  A quokka zombie (D:6)
  8 rats
  15 plants
639 creatures vanquished.

Vanquished Creatures (others)
  Maurice (D:8)
  A rime drake (Lair:6)
  6 humans (Lair:6)
  2 bushes (Lair:6)
  29 fungi
  62 plants (Lair:6)
101 creatures vanquished.

Grand Total: 740 creatures vanquished

Notes
Turn   | Place    | Note
-------+----------+-------------------------------------------
     0 | D:1      | Bodigarde the Vampire Gladiator began the quest for the
                  | Orb.
     0 | D:1      | Reached XP level 1. HP: 16/16 MP: 1/1
   101 | D:1      | Reached XP level 2. HP: 16/22 MP: 2/2
   447 | D:1      | Reached XP level 3. HP: 27/27 MP: 3/3
   756 | D:2      | Found a bloodstained altar of Trog.
   756 | D:2      | Found a faded altar of an unknown god.
   772 | D:2      | Found an ancient bone altar of Kikubaaqudgha.
   774 | D:2      | Found a stormy altar of Qazlal.
   775 | D:2      | Found a faded altar of an unknown god.
   781 | D:2      | Became a worshipper of Cheibriados the Contemplative
   781 | D:2      | Reached * piety under Cheibriados
  1055 | D:2      | Reached XP level 4. HP: 33/33 MP: 4/4
  1722 | D:3      | Reached ** piety under Cheibriados
  1751 | D:3      | Reached skill level 4 in Long Blades
  2213 | D:3      | Learned a level 2 spell: Blink
  2345 | D:3      | Reached skill level 1 in Invocations
  2345 | D:3      | Reached XP level 5. HP: 37/39 MP: 5/5
  2358 | D:3      | Reached skill level 1 in Armour
  2364 | D:3      | Reached *** piety under Cheibriados
  2643 | D:4      | Noticed Menkaure
  2651 | D:4      | Killed Menkaure
  2651 | D:4      | Reached XP level 6. HP: 47/47 MP: 7/7
  2696 | D:4      | Reached skill level 5 in Long Blades
  3169 | D:4      | Found Qablawuga's Distillery.
  3177 | D:4      | Bought a potion of curing for 39 gold pieces
  3177 | D:4      | Bought a potion of heal wounds for 65 gold pieces
  3177 | D:4      | Bought a potion of lignification for 39 gold pieces
  3178 | D:4      | Reached skill level 12 in Long Blades
  3178 | D:4      | Reached XP level 7. HP: 52/52 MP: 8/8
  3179 | D:4      | Reached XP level 8. HP: 61/61 MP: 11/11
  3398 | D:5      | Entered Level 5 of the Dungeon
  3441 | D:5      | Reached skill level 5 in Fighting
  3441 | D:5      | Reached XP level 9. HP: 50/68 MP: 12/12
  3564 | D:5      | Found a runed translucent door.
  3570 | D:5      | Noticed Alannah's ghost (amateur DsMo)
  4120 | D:5      | Found a runed translucent door.
  4169 | D:5      | Reached **** piety under Cheibriados
  4343 | D:5      | Reached skill level 13 in Long Blades
  4513 | D:6      | Noticed mmigdal's ghost (amateur DsSk)
  4713 | D:6      | Noticed Sigmund
  4727 | D:6      | Killed Sigmund
  4771 | D:6      | Found a runed translucent door.
  4878 | D:6      | Found Zautahueq's Armour Shop.
  4878 | D:6      | Noticed Grinder
  4885 | D:6      | Killed Grinder
  4903 | D:6      | Bought a +0 shield for 54 gold pieces
  4992 | D:6      | Found Eniss's Food Shop.
  5312 | D:6      | Reached ***** piety under Cheibriados
  5364 | D:6      | Found Qoiddar's Jewellery Boutique.
  5516 | D:6      | Found Tuofigh's Food Shoppe.
  5590 | D:6      | Found Zarril's Antique Armour Boutique.
  5997 | D:7      | Reached XP level 10. HP: 73/73 MP: 13/13
  6129 | D:7      | Reached skill level 1 in Shields
  6370 | D:7      | Found a staircase to the Ecumenical Temple.
  6459 | D:7      | Found a burning altar of Makhleb.
  6840 | D:8      | Noticed Maurice
  6851 | D:8      | Killed Maurice
  7047 | D:8      | Found Kaikhaerchi's Antique Armour Shop.
  7079 | D:8      | Found a staircase to the Lair.
  7176 | D:8      | Noticed Psyche
  7177 | D:8      | Killed Psyche
  7287 | D:8      | Reached skill level 5 in Invocations
  7562 | D:8      | Noticed Pikel
  7582 | D:8      | Killed Pikel
  7658 | D:8      | Found a shadowy altar of Dithmenos.
  7917 | D:9      | Noticed a two-headed ogre
  7925 | D:9      | Killed a two-headed ogre
  7925 | D:9      | Reached XP level 11. HP: 45/80 MP: 11/14
  8224 | D:9      | Noticed a cyan ugly thing
  8236 | D:9      | Killed a cyan ugly thing
  8244 | D:9      | Reached skill level 5 in Armour
  8536 | D:6      | Bought a runed cloak for 195 gold pieces
  8664 | D:9      | Identified the Catalogue of Lucky Moulding
  8870 | Lair:1   | Entered Level 1 of the Lair of Beasts
  9373 | Lair:1   | Reached skill level 14 in Long Blades
 10642 | Lair:2   | Reached ****** piety under Cheibriados
 10793 | Lair:2   | Noticed a seven-headed hydra
 10802 | Lair:2   | Killed a seven-headed hydra
 11199 | Lair:3   | Reached XP level 12. HP: 77/88 MP: 16/16
 11449 | Lair:3   | Noticed a death yak
 11449 | Lair:3   | Noticed a death yak
 11449 | Lair:3   | Noticed a death yak
 11449 | Lair:3   | Noticed a death yak
 11450 | Lair:3   | Noticed a death yak
 11452 | Lair:3   | Noticed a death yak
 11461 | Lair:3   | Killed a death yak
 11466 | Lair:3   | Killed a death yak
 11468 | Lair:3   | Killed a death yak
 11475 | Lair:3   | Killed a death yak
 11480 | Lair:3   | Killed a death yak
 11480 | Lair:3   | Reached skill level 5 in Throwing
 11485 | Lair:3   | Killed a death yak
 11631 | Lair:3   | Found a staircase to the Snake Pit.
 11890 | Lair:3   | Found a shattered altar of Ashenzari.
 12028 | Lair:3   | Reached skill level 5 in Shields
 12328 | Lair:3   | Found a staircase to the Swamp.
 12994 | Lair:4   | Found an ornate altar of the Wu Jian Council.
 13458 | D:6      | Bought a pair of brightly glowing gloves for 247 gold
                  | pieces
 13468 | D:6      | Identified the +2 pair of gloves of the Bard {rF+ Slay+2}
                  | (You bought it in a shop on level 6 of the Dungeon)
 14206 | Lair:5   | Noticed an eight-headed hydra
 14206 | Lair:5   | Noticed a catoblepas
 14666 | Lair:4   | Reached XP level 13. HP: 98/98 MP: 18/18
 14672 | Lair:4   | Found an ornate altar of the Wu Jian Council.
 15702 | Lair:5   | Found a staircase to the Slime Pits.
 15703 | Lair:5   | Found a viscous altar of Jiyva.
 16209 | Lair:5   | Reached skill level 10 in Dodging
 16826 | Lair:6   | Entered Level 6 of the Lair of Beasts
 17058 | D:6      | Bought an uncursed amulet of the acrobat for 330 gold
                  | pieces
 17890 | Lair:6   | Noticed Kirke
 17907 | Lair:6   | Killed Kirke
 17914 | Lair:6   | Reached XP level 14. HP: 88/106 MP: 20/20
 18648 | Lair:6   | Found a runed translucent door.
 19434 | D:5      | Killed Alannah's ghost
 19494 | D:6      | Killed mmigdal's ghost
 19552 | D:6      | Bought an uncursed ring of resist corrosion for 220 gold
                  | pieces
 19885 | D:10     | Entered Level 10 of the Dungeon
 19911 | D:10     | Found a staircase to the Orcish Mines.
 20886 | Orc:1    | Entered Level 1 of the Orcish Mines
 20899 | Orc:1    | Noticed an orc warlord
 20935 | D:10     | Killed an orc warlord
 21208 | Orc:1    | Found a roughly hewn altar of Beogh.
 21797 | Orc:1    | Found a bloodstained altar of Trog.
 22129 | Orc:2    | Entered Level 2 of the Orcish Mines
 22129 | Orc:2    | Found a staircase to the Elven Halls.
 22236 | Orc:2    | Found Gocizxif's Magic Scroll Boutique.
 22236 | Orc:2    | Found Mofy's Book Emporium.
 22252 | Orc:2    | Slain by a two-headed ogre

Levels and vault maps discovered:
D:1:      enne_arrival_octagon_isle, layout_rooms
D:2:      layout_loops_ring, chequers_temple_overflow_minitemple, first_ration
D:3:      layout_loops_ring, chequers_serial_rivers_micro_a, minmay_bisected
D:4:      layout_basic, serial_shops, shop_statue, uniq_menkaure
D:5:      layout_cave_pods, ebering_ghost_sewer_f
D:6:      layout_layer_cave, hellmonk_ghost_happy_afterlife, serial_shops, shop,
          shop, nicolae_shop_competitors_out_of_business, shop,
          nicolae_shop_behind_doors, uniq_sigmund, uniq_grinder
D:7:      layout_basic, lightli_temple_of_fire, minmay_temple_entry_glass,
          serial_undead, serial_undead_f, serial_undead_f, serial_undead_f,
          serial_undead_c, serial_undead_d, serial_undead_c
D:8:      layout_basic, erik_lair_orcish_takeover, serial_shops, shop,
          corexii_hall_statues_u, the_bakery, grunt_dithmenos_shadows,
          uniq_maurice, uniq_psyche, uniq_pikel
D:9:      layout_basic
D:10:     cheibrodos_fzero, layout_long_grid, zombieorc1_lemuel
Lair:1:   layout_small_grid, st_stairs_10
Lair:2:   layout_cave_pods
Lair:3:   layout_layer_cave, minmay_swamp_entry_reptiles, dummy_snake_entry,
          basic_altar
Lair:4:   wad_woods_structure_01, layout_regular_city, basic_altar,
          grunt_megastairs_2
Lair:5:   regret_index_harrowing_hell_hive, layout_misc_corridors,
          slime_altar_1, roderic_carrion_pond, serial_bayou_shore_b
Lair:6:   guppyfry_lair_end_dragon, layout_loops_ring, wormcave, serial_forest,
          infiniplex_forest_straight_4, infiniplex_forest_zigzag_1,
          infiniplex_forest_clump_tiny, infiniplex_forest_end_3,
          infiniplex_forest_lined_2, uniq_kirke
Orc:1:    layout_caves, basic_altar, special_room [special_room_orc],
          trog_hazing_becter
Orc:2:    st_orc_ogre_mass, layout_diamond_mine, basic_altar, uniq_urug

Skill      XL: |  1  2  3  4  5  6  7  8  9 10 11 12 13 14 |
---------------+-------------------------------------------+-----
Fighting       | 2 3 4 5 6 7 8 9 |  9.6
Throwing       | 2 4 5 6 7 |  7.7
Long Blades    | 4 12 13 14 | 14.0
Invocations    | 1 2 4 5 6 7 8 9 |  9.2
Armour         | 1 3 4 5 6 7 8 |  8.5
Dodging        | 4 6 7 8 9 10 11 | 11.4
Shields        | 2 4 5 6 7 |  7.9

Action                   |  1- 3 |  4- 6 |  7- 9 | 10-12 | 13-15 || total
-------------------------+-------+-------+-------+-------+-------++-------
Melee: Long sword        |    93 |    96 |    72 |       |       ||   261
       Bite              |    14 |    23 |    45 |   175 |   229 ||   486
       Scimitar          |       |       |    99 |   644 |   852 ||  1595
 Fire: Hunting sling     |       |       |       |     7 |       ||     7
Throw: Stone             |    34 |    73 |    89 |   232 |   279 ||   707
       Throwing net      |       |     2 |       |     1 |       ||     3
       Boomerang         |       |     1 |    15 |     4 |    25 ||    45
       Dart              |       |       |    16 |    18 |   123 ||   157
       Javelin           |       |       |       |     4 |    36 ||    40
Invok: Bend Time         |       |       |     1 |     7 |    16 ||    24
       Slouch            |       |       |       |     2 |     2 ||     4
       Step From Time    |       |       |       |     1 |     2 ||     3
Evoke: Wand              |       |       |       |     4 |       ||     4
  Use: Scroll            |       |     5 |     5 |    12 |     7 ||    29
       Potion            |       |     1 |     1 |     3 |     4 ||     9
 Stab: Sleeping          |       |     2 |     3 |       |       ||     5
Armor: Leather armour    |    23 |       |       |       |       ||    23
       Ring mail         |     6 |    26 |    16 |     4 |       ||    52
       Chain mail        |       |       |       |    95 |    85 ||   180
       Skin              |       |       |       |    14 |    19 ||    33
       Plate armour      |       |       |       |       |    74 ||    74
Dodge: Dodged            |    67 |    70 |    88 |   218 |   366 ||   809
Block: Shield            |       |       |    19 |   242 |   464 ||   725
       Rpst.: Long sword |    23 |    22 |    14 |       |       ||    59
       Scimitar          |       |       |    10 |    63 |    99 ||   172
